 Dungeon Crawl Stone Soup version 0.16-a0-3330-g2931290 (webtiles) character file.

2674 Kemay the Martial Artist (level 9, -6/58 HPs)
             Began as an Octopode Transmuter on Dec 28, 2014.
             Was a Believer of Sif Muna.
             Mangled by an orc warrior
             ... wielding a +0 war axe
              (22 damage)
             ... on level 7 of the Dungeon.
             The game lasted 00:30:32 (9460 turns).

Kemay the Martial Artist (Octopode Transmuter)      Turns: 9460, Time: 00:30:32

Health: -6/58      AC:  7    Str:  9    XL:     9   Next: 63%
Magic:  19/19      EV: 19    Int: 18    God:    Sif Muna [**....]
Gold:   259        SH:  0    Dex: 13    Spells: 3 memorised, 5 levels left

rFire  . . .     SeeInvis .     f - +1 trident (protect)
rCold  + . .     Clarity  .     (no shield)
rNeg   . . .     SustAb   .     (helmet restricted)
rPois  .         Gourm    .     (no amulet)
rElec  .         Spirit   .     k - +4 ring of evasion
rCorr  .         Warding  .     m - ring of protection from cold
rMut   .         Stasis   .     (no ring)
MR     .....                    (no ring)
Stlth  ++........               (no ring)
                                (no ring)
                                (no ring)
                                (no ring)

@: appendage, not resistant to hostile enchantments, unstealthy
A: almost no armour, amphibious, 8 rings, constrict 8, fangs 1, tentacle spike
3, molten scales 1, camouflage 1, robust 1, gelatinous body 1
a: End Transformation, Channel Energy, Forget Spell, Renounce Religion


You were on level 7 of the Dungeon.
You worshipped Sif Muna.
Sif Muna was pleased with you.
You were not hungry.
One of your tentacles had a temporary spike.
You visited 2 branches of the dungeon, and saw 8 of its levels.

You collected 259 gold pieces.

Inventory:

Hand weapons
 f - a +1 trident of protection (weapon)
 y - a +2 flail of holy wrath
Missiles
 b - 25 poisoned needles
 e - 12 javelins (quivered)
Jewellery
 k - a +4 ring of evasion (left tentacle)
 m - a ring of protection from cold (right tentacle)
Magical devices
 v - a wand of paralysis (18)
Scrolls
 h - 5 scrolls of remove curse
 t - a scroll of teleportation
Potions
 g - 2 potions of haste
 i - 2 potions of cure mutation
 j - a potion of cancellation
 p - a potion of heal wounds {unknown}
 q - 2 potions of magic
 r - a potion of agility
 u - a potion of berserk rage
Books
 d - a book of Changes

   Spells                             Type                      Level
   a - Beastly Appendage              Transmutation                1
   b - Sticks to Snakes               Transmutation                2
   c - Spider Form                    Transmutation/Poison         3
   d - Ice Form                       Ice/Transmutation            4
   e - Blade Hands                    Transmutation                5
 l - a book of the Sky

   Spells                             Type                      Level
   a - Flight                         Charms/Air                   3
   b - Airstrike                      Air                          4
   c - Silence                        Hexes/Air                    5
   d - Deflect Missiles               Charms/Air                   6
   e - Conjure Ball Lightning         Conjuration/Air              6
   f - Tornado                        Air                          9
 x - a book of Callings

   Spells                             Type                      Level
   a - Summon Small Mammal            Summoning                    1
   b - Call Imp                       Summoning                    2
   c - Call Canine Familiar           Summoning                    3
   d - Summon Guardian Golem          Hexes/Summoning              4
   e - Summon Lightning Spire         Summoning/Air                4
   f - Summon Ice Beast               Ice/Summoning                4
Comestibles
 a - 5 bread rations
 c - 4 beef jerkies
 n - 4 fruits
 o - a slice of pizza
 s - a meat ration
 w - 7 chunks of flesh


   Skills:
 - Level 1.0 Fighting
 - Level 6.6 Dodging
 + Level 8.1 Unarmed Combat
 - Level 4.0 Spellcasting
 * Level 5.8 Transmutations
 * Level 4.5 Ice Magic


You had 5 spell levels left.
You knew the following spells:

 Your Spells              Type           Power        Failure   Level  Hunger
a - Beastly Appendage     Trmt           ###...       1%          1    None
b - Deflect Missiles      Chrm/Air       #.........   100%        6    #######
c - Ice Form              Ice/Trmt       ###.....     21%         4    ####...


Dungeon Overview and Level Annotations

Branches:
Dungeon (7/15)             Temple (1/1) D:6

Altars:
Ashenzari
Cheibriados
Dithmenos
Elyvilon
Fedhas
Gozag
Kikubaaqudgha
Makhleb
Nemelex Xobeh
Okawaru
Qazlal
Ru
Sif Muna
Trog
Vehumet
Xom
Yredelemnul
Zin


Innate Abilities, Weirdness & Mutations

You cannot wear most types of armour.
You are amphibious.
You can wear up to eight rings at the same time.
You can use your tentacles to constrict many enemies at once.
Your skin changes colour to match your surroundings (Stealth).
Your rubbery body absorbs attacks (AC +1).
You have very sharp teeth.
One of your tentacles bears a large vicious spike.
You are partially covered in molten scales (AC +1).
You are robust (+10% HP).


Message History

You hit the orc warrior but do no damage.
You tentacle-slap the orc warrior.
The orc warrior is severely wounded.
You constrict the orc warrior.
The orc warrior hits you but does no damage.
You hit the orc warrior but do no damage.
You bite the orc warrior, but do no damage.
The orc warrior is almost dead.
You constrict the orc warrior, but do no damage.
The orc warrior misses you.
You hit the orc warrior but do no damage.
The orc warrior is almost dead.
You constrict the orc warrior, but do no damage.
The orc warrior hits you but does no damage.
You hit the orc warrior.
You pierce the orc warrior, but do no damage.
The orc warrior is almost dead.
You constrict the orc warrior, but do no damage.
The orc warrior hits you with a war axe!!
You die...

..............+
.......
..............#
.......
##+#.....##+###
######
+.....'...#
#.....##.##
#...#### #
#...#..#
+...)o.#
#...#@.#
#...#### #####


You could see an orc warrior.

Vanquished Creatures
  The ghost of Kemay the Insei, an experienced OpTm (D:7)
  Edmund (D:7)
  3 ice beasts
  2 orc warriors (D:6)
  2 phantoms
  An ogre (D:7)
  2 centaurs (D:5)
  2 giant frogs (D:7)
  2 scorpions
  4 crimson imps
  A goliath beetle (D:6)
  A centaur zombie (D:5)
  A hound (D:4)
  4 orc priests
  A gnoll shaman (D:4)
  10 orc wizards
  A centaur skeleton (D:6)
  A worker ant (D:4)
  An iguana (D:6)
  A hound skeleton (D:4)
  6 adders
  3 gnolls
  A shadow imp (D:7)
  A giant mite (D:3)
  An adder skeleton (D:5)
  An adder zombie (D:5)
  3 oozes
  17 orcs
  21 hobgoblins
  16 kobolds
  6 quokkas
  12 bats
  6 giant cockroaches
  5 giant geckos
  A giant gecko skeleton (D:4)
  2 giant newts
  15 goblins
  15 jackals
  2 jackal skeletons
  19 rats
195 creatures vanquished.

Notes
Turn   | Place    | Note
--------------------------------------------------------------
     0 | D:1      | Kemay, the Octopode Transmuter, began the quest for the Orb.
     0 | D:1      | Reached XP level 1. HP: 13/13 MP: 3/3
   358 | D:1      | Reached XP level 2. HP: 18/18 MP: 4/4
   705 | D:1      | Reached XP level 3. HP: 23/23 MP: 6/6
  1499 | D:2      | You fall through a shaft for 2 floors!
  1499 | D:4      | Noticed a phantom
  1568 | D:3      | Reached XP level 4. HP: 8/28 MP: 7/7
  2215 | D:3      | Reached skill level 4 in Unarmed Combat
  2219 | D:3      | HP: 1/28 [orc/hand axe of electrocution (19)]
  2543 | D:3      | Reached XP level 5. HP: 18/33 MP: 9/9
  2837 | D:3      | Found a sacrificial altar of Ru.
  3195 | D:4      | Found a shimmering altar of Xom.
  3196 | D:4      | Found a glowing silver altar of Zin.
  3197 | D:4      | Found a stormy altar of Qazlal.
  3198 | D:4      | Found an opulent altar of Gozag.
  3206 | D:4      | Found a sacrificial altar of Ru.
  3206 | D:4      | Found a snail-covered altar of Cheibriados.
  3230 | D:4      | Reached XP level 6. HP: 33/38 MP: 10/10
  3240 | D:4      | Gained mutation: You are partially covered in molten scales (AC +1). [potion of mutation]
  3240 | D:4      | Gained mutation: You are robust (+10% HP). [potion of mutation]
  3240 | D:4      | Gained mutation: You have very sharp teeth. [potion of mutation]
  3345 | D:4      | Reached skill level 5 in Unarmed Combat
  3991 | D:4      | Killed a phantom
  4104 | D:4      | Reached skill level 5 in Dodging
  4315 | D:4      | Reached XP level 7. HP: 47/47 MP: 13/13
  4593 | D:5      | Entered Level 5 of the Dungeon
  5042 | D:4      | Reached skill level 6 in Unarmed Combat
  5658 | D:5      | Learned a level 6 spell: Deflect Missiles
  5663 | D:5      | Learned a level 4 spell: Ice Form
  5690 | D:5      | Reached XP level 8. HP: 49/52 MP: 18/18
  6768 | D:6      | Found a staircase to the Ecumenical Temple.
  6777 | Temple   | Entered the Ecumenical Temple
  6889 | Temple   | Became a worshipper of Sif Muna the Loreminder
  7315 | D:6      | Found a stormy altar of Qazlal.
  7357 | D:6      | Reached skill level 7 in Unarmed Combat
  8256 | D:6      | Reached skill level 1 in Ice Magic
  8680 | D:6      | Reached XP level 9. HP: 29/58 MP: 19/19
  8997 | D:7      | Acquired Sif Muna's first power
  9358 | D:7      | Noticed Edmund
  9362 | D:7      | Noticed Kemay's ghost (experienced OpTm)
  9384 | D:7      | Killed Edmund
  9384 | D:7      | Reached skill level 5 in Transmutations
  9406 | D:7      | Killed Kemay's ghost
  9406 | D:7      | Acquired Sif Muna's second power
  9406 | D:7      | Reached skill level 8 in Unarmed Combat
  9460 | D:7      | Mangled by an orc warrior

Action                   |  1- 3 |  4- 6 |  7- 9 || total
-------------------------+-------+-------+-------++-------
Melee: Unarmed           |    92 |   179 |    19 ||   290
       Trident           |       |       |   346 ||   346
       Flail             |       |       |     5 ||     5
Throw: Javelin           |       |     7 |    28 ||    35
 Cast: Beastly Appendage |     7 |    15 |    13 ||    35
 Abil: End Transformatio |     1 |       |     1 ||     2
  Use: Scroll            |     6 |     4 |     7 ||    17
       Potion            |     3 |     6 |     3 ||    12
 Stab: Sleeping          |     2 |     5 |    10 ||    17
       Distracted        |     1 |       |       ||     1
       Paralysed         |       |     1 |       ||     1
  Eat: Chunk             |     2 |     9 |    17 ||    28
